 Dungeon Crawl Stone Soup version 0.29-a0-270-g1586fc07ea (webtiles) character file.

Game seed: 10897686412248537603

44 Ajdolov the Sneak (level 3, -5/23 HPs)
             Began as an Octopode Transmuter on Mar 8, 2022.
             Killed by divine providence
             ... invoked by an orc priest
              (12 damage)
             ... on level 2 of the Dungeon.
             The game lasted 00:02:18 (1332 turns).

Ajdolov the Sneak (Octopode Transmuter)             Turns: 1332, Time: 00:02:19

Health: -5/23      AC:  1    Str:  9    XL:     3   Next: 60%
Magic:  6/6        EV: 13    Int: 17    God:
Gold:   67         SH:  0    Dex: 12    Spells: 0/6 levels left

rFire   . . .      SeeInvis .     - Unarmed
rCold   . . .      Faith    .   (no shield)
rNeg    . . .      Spirit   .   (helmet restricted)
rPois   .          Reflect  .   c - amulet of magic regeneration
rElec   .          Harm     .   (no ring)
rCorr   .          Rampage  .   (no ring)
Will    .....                   (no ring)
Stlth   +++.......              (no ring)
HPRegen 0.07/turn               (no ring)
MPRegen 0.50/turn               (no ring)
                                (no ring)
                                (no ring)

@: no status effects
A: almost no armour, amphibious, 8 rings, camouflage 1, gelatinous body 1,
(nimble swimmer 1), tentacles
a: no special abilities


You were on level 2 of the Dungeon.
You visited 1 branch of the dungeon, and saw 2 of its levels.

You collected 67 gold pieces.

Inventory:

Jewellery
 c - an amulet of magic regeneration (around mantle)
Scrolls
 b - a scroll of identify {unknown}


   Skills:
 + Level 1.1 Fighting
 - Level 2.0 Dodging
 - Level 4.1 Stealth
 * Level 3.1 Unarmed Combat
 - Level 2.0 Spellcasting
 - Level 2.0 Transmutations
 + Level 0.3 Poison Magic


You couldn't memorise any spells.
You knew the following spells:

 Your Spells              Type           Power      Damage    Failure   Level
a - Beastly Appendage     Tmut           16%        N/A       9%          1
b - Poisonous Vapours     Pois/Air       4%         N/A       26%         2
c - Spider Form           Tmut/Pois      5%         N/A       34%         3

Your spell library contained the following spells:

 Spells                   Type           Power      Damage    Failure   Level
 Wereblood                Tmut           8%         N/A       13%         2
 Animate Skeleton         Necr           2%         N/A       19%         1
 Pain                     Necr           4%         1d4       19%         1
 Corpse Rot               Necr/Air       2%         N/A       28%         2
 Vampiric Draining        Necr           1%         2d6       50%         3
 Ice Form                 Ice/Tmut       5%         N/A       77%         4


Dungeon Overview and Level Annotations

Branches:
Dungeon (2/15)

Altars:

Annotations:
D:2 Robin


Innate Abilities, Weirdness & Mutations

You cannot wear most types of armour.
You are amphibious.
You can wear up to eight rings at the same time.
Your skin changes colour to match your surroundings (Stealth+).
Your rubbery body absorbs attacks. (AC +1, EV +1)
((You are camouflaged when in or above water. (Stealth+)))
You have tentacles for arms and can constrict up to eight enemies at once.


Message History

The adder bites you but does no damage.
You smack the adder!
You kill the adder!
You start resting.
Your transformation is almost over.
You feel less wooden.
You start resting.
HP restored.
Items here: ))) รท.
Okay, then.
You see here 5 poisoned darts.
You see here 18 stones.
There is a stone staircase leading down here.
You climb downwards.
Level annotation: Robin
Found 13 gold pieces.
Found two stone staircases leading down.
There is a stone staircase leading up here.
The helpless kobold fails to defend itself.
You tentacle-slap the kobold.
You kill the kobold!
An orc comes into view. It is wielding a +0 club.
Things that are here:
a +0 short sword; a kobold corpse An orc priest comes into view.
It is wielding a +0 dagger.
The orc priest shouts!
The orc shouts!
You hear a shout!
An orc priest comes into view. It is wielding a +0 dagger.
The orc priest shouts!
An orc comes into view. It is wielding a +0 mace.
You hear a shout!
The rat bites you.
The orc priest looks braver for a moment.
The orc priest mumbles some strange prayers to Beogh against you.
Beogh smites you!
Ouch! That really hurt!
The rat attacks as you move away! The rat bites you.
The orc priest calls down the wrath of Beogh upon you.
Beogh smites you!
Ouch! That really hurt!
You die...

##.....##.#
#.........#
#..$......
#........
##.....## ...
#####.......#....
#..........o>o...
#......)r..o#....
#......@...## .
#....<....##
#......>......
#........####..
##########


You could see 2 orc priests, an orc and a rat.

Vanquished Creatures
  An adder (D:1)
  2 dart slugs (D:1)
  3 ball pythons (D:1)
  A giant cockroach (D:1)
  6 hobgoblins (D:1)
  3 jackals (D:1)
  6 bats (D:1)
  2 frilled lizards (D:1)
  3 goblins (D:1)
  2 kobolds
  A rat (D:1)
30 creatures vanquished.

Vanquished Creatures (others)
  2 plants (D:1)
2 creatures vanquished.

Grand Total: 32 creatures vanquished

Notes
Turn   | Place    | Note
-------+----------+-------------------------------------------
     0 | D:1      | Ajdolov the Octopode Transmuter began the quest for the
                  | Orb.
     0 | D:1      | Reached XP level 1. HP: 13/13 MP: 3/3
    22 | D:1      | Reached skill level 1 in Stealth
    70 | D:1      | Reached skill level 2 in Stealth
    73 | D:1      | Reached XP level 2. HP: 16/18 MP: 5/5
   177 | D:1      | Reached skill level 3 in Stealth
   479 | D:1      | Reached XP level 3. HP: 21/23 MP: 6/6
   691 | D:1      | Reached skill level 4 in Stealth
   923 | D:1      | Learned a level 2 spell: Poisonous Vapours
   927 | D:1      | Learned a level 3 spell: Spider Form
   987 | D:2      | Noticed Robin
  1332 | D:2      | Killed from afar by an orc priest

Illustrated notes

Levels and vault maps discovered:
D:1:      tarquinn_simple_flora_water_c, layout_basic, minmay_tetromino_s4
D:2:      layout_rooms, shapermc_ecumenical_altar_flowoftime, hex_intersection,
          uniq_jessica, uniq_robin

Skill      XL: |  1  2  3 |
---------------+----------+-----
Stealth        | 2 3 4 |  4.1
Fighting       | |  1.1
Dodging        | |  2.0
Unarmed Combat | |  3.1
Spellcasting   | |  2.0
Transmutations | |  2.0
Poison Magic   | |  0.3

Action                   || total
-------------------------++-------
Melee: Unarmed           ||    56
       Constrict         ||    20
       Punch             ||     5
       Tentacles         ||    13
  Use: Potion            ||     1
 Stab: Sleeping          ||     8
Armor: Skin              ||    16
Dodge: Dodged            ||    49

Table legend: (Time is in decaauts)
 A = Elapsed time spent in this place.
 B = Non-inter-level travel time spent in this place.
 C = Inter-level travel time spent in this place.
 D = Time resting spent in this place.
 E = Time spent auto-exploring this place.
 F = Levels seen in this place.
 G = Mean time per level.
                   A        B        C        D        E       F      G
               +--------+--------+--------+--------+--------+-----+--------+
         Total |   1330 |   1216 |    114 |    286 |    712 |   2 |  665.0 |
       Dungeon |   1330 |   1216 |    114 |    286 |    712 |   2 |  665.0 |
               +--------+--------+--------+--------+--------+-----+--------+

Top non-repeatable levels by time:
     D:1: 1315 daAuts
     D:2: 15 daAuts
